 Dungeon Crawl Stone Soup version 0.31.0-11-ge490571c62 (webtiles) character file.

Game seed: 7342596344628253395

124 jasper the Slasher (level 4, -1/36 HPs)
             Began as an Armataur Warper on Jan 28, 2024.
             Slain by an iguana (9 damage)
             ... on level 4 of the Dungeon.
             The game lasted 00:05:56 (2623 turns).

jasper the Slasher (Armataur Warper)                Turns: 2623, Time: 00:05:56

Health: -1/36      AC:  4    Str: 17    XL:     4   Next: 81%
Magic:  6/6        EV:  9    Int: 15    God:
Gold:   159        SH:  0    Dex: 11    Spells: 2/6 levels left

rFire   . . .        a - +0 falchion
rCold   . . .        (no shield)
rNeg    . . .        b - +0 leather armour
rPois   .            (no helmet)
rElec   .            (no cloak)
rCorr   .            (no gloves)
SInv    .            (no barding)
Will    .....        f - amulet of regeneration
Stlth   +            j - ring of wizardry
HPRegen 1.06/turn    l - ring of Cude {Wiz Dex+2}
MPRegen 0.10/turn

%: roll, wizardry (x2)
@: no status effects
A: large, deformed body, tough skin 3, armoured tail, roll 1
a: no special abilities


You were on level 4 of the Dungeon.
You visited 1 branch of the dungeon, and saw 4 of its levels.

You collected 159 gold pieces.

Inventory:

Hand Weapons
 a - a +0 falchion (weapon)
 e - a +0 sling
Missiles
 d - 7 darts of dispersal
 i - 26 stones (quivered)
 o - 18 poisoned darts
Armour
 b - a +0 leather armour (worn)
Jewellery
 f - an amulet of regeneration (around neck)
 j - a ring of wizardry (left hand)
 l - the ring of Cude (right hand) {Wiz Dex+2}
   (You found it on level 2 of the Dungeon)

   [ring of wizardry]

   Wiz:       It improves your spell success rate.
   Dex+2:     It affects your dexterity (+2).
Talismans
 u - a granite talisman
Scrolls
 c - 2 scrolls of blinking
 g - 2 scrolls of teleportation
 n - a scroll of enchant armour {unknown}
 q - a scroll of enchant weapon {unknown}
 r - 2 scrolls of identify
 t - a scroll of poison {unknown}
 v - a scroll of revelation {unknown}
Potions
 h - a potion of curing
 k - a potion of ambrosia
 m - 2 potions of degeneration
 p - 2 potions of brilliance {unknown}
 s - a potion of might {unknown}


   Skills:
 - Level 1.7 Fighting
 + Level 4.6 Long Blades
 - Level 0.8 Throwing
 - Level 1.2 Armour
 - Level 1.3 Dodging
 - Level 1.7 Spellcasting
 - Level 3.0 Translocations


You had 2 spell levels left.
You knew the following spells:

 Your Spells              Type           Power      Damage    Failure   Level
a - Blink                 Tloc           20%        N/A       3%          2
b - Lesser Beckoning      Tloc           20%        N/A       3%          2

Your spell library contained the following spells:

 Spells                   Type           Power      Damage    Failure   Level
 Magic Dart               Conj           4%         1d3       7%          1
 Call Imp                 Summ           2%         N/A       11%         2
 Teleport Other           Tloc           10%        N/A       7%          3
 Manifold Assault         Tloc           10%        N/A       21%         4
 Vhi's Electric Charge    Tloc/Air       10%        N/A       34%         4
 Summon Forest            Summ/Tloc      2%         N/A       67%         5
 Summon Mana Viper        Hex/Summ       1%         N/A       85%         5
 Summon Cactus Giant      Summ           0%         N/A       100%        6


Dungeon Overview and Level Annotations

Branches:
Dungeon (4/15)
 Temple: D:4-7

Altars:
Dithmenos

Shops:
D:1 *   D:3 [

Annotations:
D:2 Sigmund
D:4 Grinder


Innate Abilities, Weirdness & Mutations

Armour fits poorly on your strangely shaped body.
You have extremely tough skin. (AC +3)
You have a long armoured tail.
You regenerate magic when rolling toward enemies. (Rampage MPRegen)


Message History

You hit the adder.
The adder is severely wounded.
The adder bites you. The adder barely misses you.
You hit the adder.
You kill the adder!
You see here an adder corpse.
You now have 156 gold pieces (gained 19).
You now have 159 gold pieces (gained 3).
v - a scroll labelled NAJ YSCHEJACRE Done exploring.
Done exploring.
There is a stone staircase leading down here.
You climb downwards.
Level annotation: Grinder
Found a stone staircase leading up.
There is a stone staircase leading up here.
The helpless iguana fails to defend itself.
You hit the iguana.
The iguana is moderately wounded.
The iguana barely misses you.
You closely miss the iguana.
The iguana is moderately wounded.
The iguana completely misses you.
You barely miss the iguana.
The iguana is moderately wounded.
The iguana bites you!
You barely miss the iguana.
The iguana is moderately wounded.
The iguana bites you.
You completely miss the iguana.
The iguana is moderately wounded.
The iguana bites you.
You barely miss the iguana.
Your tail-slap misses the iguana.
The iguana is moderately wounded.
The iguana misses you. The iguana bites you!
* * * LOW HITPOINT WARNING * * *
You barely miss the iguana.
The iguana is moderately wounded.
The iguana bites you!
You die...

..........
..........
.........#
.........##
..........##
...........##..
...............
.......@.......
......l........
...............
...............
§§.............
≈≈.≈≈≈.≈.....<.
.≈.≈...≈.......
.§.≈.≈≈≈.......


You could see an iguana.

Vanquished Creatures
  An orc wizard (D:3)
  4 adders (D:3)
  2 dart slugs (D:1)
  5 orcs (D:3)
  5 ball pythons
  8 endoplasms
  4 giant cockroaches
  5 goblins
  4 hobgoblins
  6 bats
  2 frilled lizards
  2 kobolds
  5 rats
53 creatures vanquished.

Notes
Turn   | Place    | Note
-------+----------+-------------------------------------------
     0 | D:1      | jasper the Armataur Warper began the quest for the Orb.
     0 | D:1      | Reached XP level 1. HP: 17/17 MP: 3/3
    36 | D:1      | Reached skill level 2 in Long Blades
    73 | D:1      | Found Kahier's Assorted Antiques.
   277 | D:1      | Reached XP level 2. HP: 24/24 MP: 4/4
   522 | D:1      | Reached skill level 3 in Long Blades
   526 | D:1      | Learned a level 2 spell: Blink
   529 | D:1      | Learned a level 2 spell: Lesser Beckoning
  1248 | D:2      | Identified the ring of Cude {Wiz Dex+2}
  1309 | D:2      | Reached XP level 3. HP: 29/29 MP: 5/5
  1561 | D:2      | Noticed Sigmund
  1728 | D:3      | Reached skill level 4 in Long Blades
  1728 | D:3      | Reached XP level 4. HP: 23/36 MP: 6/6
  2080 | D:3      | Found a shadowy altar of Dithmenos.
  2080 | D:3      | Noticed Grinder
  2380 | D:3      | Found Naowen's Armour Emporium.
  2623 | D:4      | Slain by an iguana

Illustrated notes

Levels and vault maps discovered:
D:1:      beargit_arrival_diablo_church, layout_basic, serial_shops, shop,
          minmay_3d_cube
D:2:      layout_basic, uniq_sigmund
D:3:      layout_loops_ring, grunt_dithmenos_smoke_and_mirrors, serial_shops,
          shop, uniq_grinder
D:4:      layout_layer_cave, mainiacjoe_overflow_large_starburst,
          nicolae_shop_i_like_big_books, minmay_misc_feat_chi

Skill      XL: |  1  2  3 |
---------------+----------+-----
Long Blades    | 2 3 4 |  4.6
Fighting       | |  1.7
Throwing       | |  0.8
Armour         | |  1.2
Dodging        | |  1.3
Spellcasting   | |  1.7
Translocations | |  3.0

Action                     |  1- 3 |  4- 6 || total
---------------------------+-------+-------++-------
  Melee: Falchion          |   105 |    65 ||   170
         Tailslap          |    15 |     2 ||    17
         Punch             |     1 |     1 ||     2
   Fire: Sling             |    11 |    13 ||    24
  Throw: Stone             |     1 |       ||     1
   Cast: Lesser Beckoning  |     1 |       ||     1
    Use: Scroll            |     6 |       ||     6
         Potion            |       |     2 ||     2
   Stab: Sleeping          |       |     1 ||     1
 Armour: Leather armour    |    77 |    61 ||   138
  Dodge: Dodged            |    43 |    34 ||    77
